 Dungeon Crawl Stone Soup version 0.28-a0-1374-ga75cb3825e (webtiles) character file.

Game seed: 10505134011727787031

240 Shayle the Sneak (level 5, 0/38 HPs)
             Began as a Demonspawn Warper on Jan 1, 2022.
             Succumbed to a scorpion's poison
             ... on level 5 of the Dungeon.
             The game lasted 00:07:04 (3376 turns).

Shayle the Sneak (Demonspawn Warper)                Turns: 3376, Time: 00:07:05

Health: 0/38       AC:  4    Str: 11    XL:     5   Next: 80%
Magic:  8/8        EV: 11    Int: 15    God:
Gold:   98         SH:  0    Dex: 14    Spells: 8/8 levels left

rFire   . . .      SeeInvis +   j - +10 hand axe of Eternal War {distort, SInv}
rCold   . . .      Faith    .   (no shield)
rNeg    . . .      Spirit   .   b - +0 leather armour
rPois   .          Reflect  .   (helmet restricted)
rElec   .          Harm     .   (no cloak)
rCorr   .          Rampage  .   (no gloves)
Will    .....                   l - +0 pair of boots
Stlth   +++.......              (no amulet)
HPRegen 0.12/turn               (no ring)
MPRegen 0.11/turn               (no ring)

@: lethally poisoned (0 -> -4), invisible
A: antennae 1, spiny 1
a: no special abilities


You were on level 5 of the Dungeon.
You visited 1 branch of the dungeon, and saw 5 of its levels.

You collected 98 gold pieces.

Inventory:

Hand Weapons
 a - a +0 hand axe
 g - a +0 short sword of draining
 i - a +2 dagger of venom
 j - the +10 hand axe of Eternal War (weapon) {distort, SInv}
   (You found it on level 2 of the Dungeon)

   It warps and distorts space around it, and may blink, banish, or inflict
   extra damage upon those it strikes.
   Unwielding it can cause banishment or high damage.
   SInv:      It lets you see invisible.
 k - a +0 whip of venom
Missiles
 d - 3 boomerangs of dispersal (quivered)
Armour
 b - a +0 leather armour (worn)
 l - a +0 pair of boots (worn)
Scrolls
 e - a scroll of amnesia {unknown}
 f - a scroll of immolation
 n - a scroll of noise {unknown}
 p - a scroll of enchant weapon {unknown}
 r - 2 scrolls of identify {unknown}
 t - a scroll of enchant armour {unknown}
Potions
 h - a potion of might {unknown}
 m - a potion of haste {unknown}
 s - a potion of degeneration {unknown}
 u - a potion of flight {unknown}
 v - a potion of heal wounds {unknown}


   Skills:
 - Level 2.0 Fighting
 + Level 2.9 Axes
 - Level 0.8 Throwing
 - Level 0.8 Armour
 - Level 1.7 Dodging
 * Level 5.1 Stealth
 - Level 2.0 Spellcasting
 - Level 2.6 Translocations


You had 8 spell levels left.
You didn't know any spells.
Your spell library contained the following spells:

 Spells                   Type           Power      Damage    Failure   Level
 Blink                    Tloc           18%        N/A       14%         2
 Foxfire                  Conj/Fire      4%         2x1d4     28%         1
 Sting                    Tmut/Pois      4%         1d3       28%         1
 Gell's Gravitas          Tloc           9%         N/A       28%         3
 Lesser Beckoning         Tloc           9%         N/A       28%         3
 Teleport Other           Tloc           9%         N/A       28%         3
 Poisonous Vapours        Pois/Air       2%         N/A       41%         2
 Conjure Flame            Conj/Fire      1%         6-21      65%         3
 Inner Flame              Hex/Fire       1%         N/A       65%         3
 Manifold Assault         Tloc           9%         N/A       95%         5
 Flame Wave               Conj/Fire      1%         2d4       96%         4
 Olgreb's Toxic Radiance  Pois           1%         N/A       96%         4


Dungeon Overview and Level Annotations

Branches:
Dungeon (5/15)
 Temple: D:4-7

Altars:
Wu Jian

Annotations:
D:4 Sigmund
D:5 3 runed translucent doors


Innate Abilities, Weirdness & Mutations

You have a pair of small antennae on your head.
You are partially covered in sharp spines.


Message History

You climb downwards.
Found 18 stones, 5 gold pieces and a whip.
There is a stone staircase leading up here.
You start resting.
You sense a monster nearby.
You start resting.
A centaur skeleton comes into view.
A scorpion comes into view.
Throw: 5 boomerangs (disperse)
Press: ? - help, Q - select action Shift-Dir - straight line, f - scorpion
Aim: a scorpion (59% to hit)
You throw a boomerang of dispersal.
The boomerang of dispersal closely misses the scorpion.
Unknown command.
Throw: 4 boomerangs (disperse)
Press: ? - help, Q - select action Shift-Dir - straight line, f/p - scorpion
Aim: a scorpion (59% to hit)
You throw a boomerang of dispersal.
The boomerang of dispersal hits the scorpion but does no damage.
The scorpion stings you!
* * * LOW HITPOINT WARNING * * *
The scorpion stings you.
* * * LOW HITPOINT WARNING * * *
You are lethally poisoned!
The scorpion poisons you!
Unknown command.
It was a potion of invisibility.
You fade into invisibility!
* * * LOW HITPOINT WARNING * * *
You feel sick. The scorpion misses you.
You slash the scorpion!
Space warps around the scorpion.
The scorpion is severely wounded.
* * * LOW HITPOINT WARNING * * *
You feel sick. The scorpion is struck by your spines.
The scorpion completely misses you.
Unknown command.
You strike the helpless scorpion from behind!
You hit the scorpion.
The scorpion is devoured by a tear in reality.
You die...

.....#.## ........ #
##..#.### .#
#.....#.#######.##
#......(.....<....
#.#......$....#.##
#.§.###+++###.Z.#
#§.##.......##..#
#@##.........#..#
#.......#..........##.#
#....#.##....####... ..
#... #. ...### ##..##..
#.. .. ..# .. ... # #.#
..


There were no monsters in sight!

Vanquished Creatures
  An orc priest (D:4)
  Natasha (thrice) (D:2)
  Robin (D:2)
  4 adders
  3 worms
  A dart slug (D:3)
  An orc (D:4)
  6 bats
  5 endoplasms
  4 giant cockroaches
  12 goblins
  7 hobgoblins
  A quokka (D:3)
  5 ball pythons
  2 frilled lizards
  9 kobolds
  4 rats
69 creatures vanquished.

Notes
Turn   | Place    | Note
-------+----------+-------------------------------------------
     0 | D:1      | Shayle the Demonspawn Warper began the quest for the Orb.
     0 | D:1      | Reached XP level 1. HP: 16/16 MP: 3/3
    67 | D:1      | Reached skill level 1 in Stealth
   232 | D:1      | Gained mutation: You have a pair of small antennae on your
                  | head. [demonic ancestry]
   232 | D:1      | Reached XP level 2. HP: 12/21 MP: 5/5
   588 | D:1      | Reached skill level 2 in Stealth
   911 | D:2      | Noticed Natasha
   921 | D:2      | Killed Natasha
   922 | D:2      | Reached skill level 3 in Stealth
   922 | D:2      | Reached XP level 3. HP: 10/27 MP: 6/6
  1347 | D:2      | Identified the +10 hand axe of Eternal War {distort, SInv}
  1491 | D:2      | Noticed Natasha
  1499 | D:2      | Killed Natasha
  1500 | D:2      | Gained mutation: You are partially covered in sharp spines.
                  | [demonic ancestry]
  1500 | D:2      | Reached XP level 4. HP: 30/33 MP: 7/7
  1821 | D:2      | Noticed Natasha
  1824 | D:2      | Killed Natasha
  1825 | D:2      | Reached skill level 4 in Stealth
  1894 | D:2      | Reached XP level 5. HP: 38/38 MP: 8/8
  1915 | D:2      | Noticed Robin
  1930 | D:2      | Killed Robin
  2002 | D:2      | Found a faded altar of an unknown god.
  2816 | D:3      | Found an ornate altar of the Wu Jian Council.
  3264 | D:4      | Noticed Sigmund
  3270 | D:4      | Reached skill level 5 in Stealth
  3272 | D:4      | HP: 1/38 [Sigmund (4)]
  3275 | D:5      | Entered Level 5 of the Dungeon
  3275 | D:5      | Found a runed translucent gate.
  3275 | D:5      | Found a runed translucent gate.
  3275 | D:5      | Found a runed translucent gate.
  3375 | D:5      | HP: 1/38 [poisoned by a scorpion]
  3376 | D:5      | Succumbed to a scorpion's poison

Illustrated notes

Levels and vault maps discovered:
D:1:      lemuel_arrival_behind_the_door_large, layout_rooms,
          corexii_corridor_pit
D:2:      minmay_inner_zag, layout_basic, serial_aquarium,
          aquarium_bridge_island_small [aquarium_subvault_small_water,
          aquarium_subvault_bridge, aquarium_subvault_bridge,
          aquarium_subvault_balcony, aquarium_subvault_bridge],
          aquarium_bridge_square [aquarium_subvault_bridge,
          aquarium_subvault_bridge, aquarium_subvault_wall,
          aquarium_subvault_bridge], aquarium_window_fake, aquarium_window_2,
          aquarium_view_2d, aquarium_view_2d, aquarium_pool_double,
          shapermc_ecumenical_altar_starsandcircs, uniq_robin, uniq_natasha
D:3:      layout_basic, nicolae_wu_jian_immortal_techniques, st_stairs_7,
          minmay_crystal_room, minmay_misc_feat_roman
D:4:      layout_basic, minmay_temple_entry_hall, minmay_misc_feat_diagonals,
          uniq_sigmund
D:5:      layout_basic, xom_confusion_cloud, gammafunk_ghost_icy,
          minmay_fractal_squares_5

Skill      XL: |  1  2  3  4  5 |
---------------+----------------+-----
Stealth        | 1 3 4 5 |  5.1
Axes           | 2 |  2.9
Fighting       | |  2.0
Throwing       | |  0.8
Armour         | |  0.8
Dodging        | |  1.7
Spellcasting   | |  2.0
Translocations | |  2.6

Action                   |  1- 3 |  4- 6 || total
-------------------------+-------+-------++-------
Melee: Hand axe          |    21 |    69 ||    90
       Short sword       |    12 |       ||    12
       Dagger            |    24 |       ||    24
Throw: Boomerang         |       |     2 ||     2
  Use: Scroll            |     1 |     1 ||     2
       Potion            |       |     2 ||     2
 Stab: Sleeping          |     3 |    10 ||    13
       Distracted        |       |     1 ||     1
       Invisible         |       |     1 ||     1
Armor: Leather armour    |    17 |    15 ||    32
Dodge: Dodged            |    30 |    28 ||    58

Table legend: (Time is in decaauts)
 A = Elapsed time spent in this place.
 B = Non-inter-level travel time spent in this place.
 C = Inter-level travel time spent in this place.
 D = Time resting spent in this place.
 E = Time spent auto-exploring this place.
 F = Levels seen in this place.
 G = Mean time per level.
                   A        B        C        D        E       F      G
               +--------+--------+--------+--------+--------+-----+--------+
         Total |   3391 |   3293 |     98 |    177 |   2464 |   5 |  678.2 |
       Dungeon |   3391 |   3293 |     98 |    177 |   2464 |   5 |  678.2 |
               +--------+--------+--------+--------+--------+-----+--------+

Top non-repeatable levels by time:
     D:2: 1493 daAuts
     D:3: 826 daAuts
     D:1: 764 daAuts
     D:4: 205 daAuts
     D:5: 101 daAuts
